 Dungeon Crawl Stone Soup version 0.17-a0-1942-g46ae386 (webtiles) character file.

228 ololoev the Slasher (level 5, -3/37 HPs)
             Began as a High Elf Fighter on Sept 30, 2015.
             Slain by a worker ant (5 damage)
             ... on level 5 of the Dungeon.
             The game lasted 00:04:44 (849 turns).

ololoev the Slasher (High Elf Fighter)               Turns: 849, Time: 00:04:44

Health: -3/37      AC:  9    Str: 16    XL:     5   Next: 70%
Magic:  6/6        EV:  6    Int: 11    God:
Gold:   77         SH:  0    Dex: 15    Spells: 0 memorised, 4 levels left

rFire  . . .     SeeInvis .     a - +0 long sword
rCold  . . .     Clarity  .     f - +0 chain mail
rNeg   . . .     SustAt   .     (no shield)
rPois  .         Gourm    .     (no helmet)
rElec  .         Spirit   .     (no cloak)
rCorr  .         Warding  .     (no gloves)
rMut   .         Stasis   .     (no boots)
MR     .....                    (no amulet)
Stlth  ..........               (no ring)
                                (no ring)

@: lethally poisoned (-3 -> -8), not resistant to hostile enchantments,
extremely unstealthy
A: no striking features
a: no special abilities

Inventory:

Hand weapons
 a - a +0 long sword (weapon)
Armour
 c - a +0 shield
 f - a +0 chain mail (worn)
Scrolls
 g - 2 scrolls of remove curse
Potions
 d - a potion of magic {unknown}
Comestibles
 b - 2 meat rations
 e - a bread ration


   Skills:
 + Level 4.0 Fighting
 * Level 5.4 Long Blades
 + Level 3.8 Armour
 - Level 2.6 Shields


You had 4 spell levels left.
You didn't know any spells.


You were on level 5 of the Dungeon.
You were not hungry.

You visited 1 branch of the dungeon, and saw 5 of its levels.

You collected 77 gold pieces.

#. #. ## ##.
#>## ##..# ...#
##.... .⌠.#
#..... ...#
#.....#a.#
#....@######
#....W##...##
#.#.⌠....⌠.<#
........##...##
####....######
#####. . .⌠ ..

Notes
Turn   | Place    | Note
--------------------------------------------------------------
     0 | D:1      | ololoev the High Elf Fighter began the quest for the Orb.
     0 | D:1      | Reached XP level 1. HP: 16/16 MP: 2/2
   105 | D:2      | Reached XP level 2. HP: 10/21 MP: 3/3
   245 | D:3      | Reached XP level 3. HP: 16/26 MP: 4/4
   493 | D:3      | Noticed Ijyb
   508 | D:3      | Killed Ijyb
   508 | D:3      | Reached skill level 4 in Long Blades
   508 | D:3      | Reached XP level 4. HP: 23/32 MP: 5/5
   592 | D:3      | Reached skill level 5 in Long Blades
   592 | D:3      | Reached XP level 5. HP: 11/37 MP: 6/6
   611 | D:3      | HP: 1/37 [hobgoblin (4)]
   836 | D:5      | Entered Level 5 of the Dungeon
   841 | D:5      | Noticed a phantom
   849 | D:5      | Slain by a worker ant

Dungeon Overview and Level Annotations

Branches:
Dungeon (5/15)
 Temple: D:4-7

Altars:


Message History

Your chain mail prevents you from hitting the giant frog skeleton.
The giant frog skeleton hits you but does no damage.
The giant frog skeleton barely misses you.
You barely miss the giant frog skeleton.
The giant frog skeleton hits you.
You hit the giant frog skeleton.
The giant frog skeleton barely misses you.
The giant frog skeleton hits you but does no damage.
You slash the giant frog skeleton! The giant frog skeleton hits you.
You hit the giant frog skeleton.
The giant frog skeleton barely misses you.
The giant frog skeleton hits you.
You slash the giant frog skeleton!
You destroy the giant frog skeleton!
Your Fighting skill increases to level 4!
There is a stone staircase leading down here.
You climb downwards.
There is a stone staircase leading up here.
There is a fountain of clear blue water here.
A phantom comes into view.
The phantom blinks!
Found two stone staircases leading down.
A worker ant comes into view.
The worker ant twitches its antennae in your direction.
You barely miss the worker ant. The worker ant barely misses you.
You barely miss the worker ant.
The worker ant bites you but does no damage.
The worker ant barely misses you.
You slash the worker ant!
The worker ant is heavily wounded.
The worker ant bites you.
You are lethally poisoned!
The worker ant poisons you!
You hit the worker ant but do no damage.
The worker ant is heavily wounded.
You feel sick. The worker ant bites you.
You slash the worker ant!
The worker ant is almost dead.
You feel sick. The worker ant bites you.
You die...

You could see a phantom and a worker ant.

Vanquished Creatures
  A crimson imp (D:3)
  A giant frog skeleton (D:4)
  Ijyb (D:3)
  An orc wizard (D:3)
  A worker ant (D:4)
  An adder (D:3)
  4 gnolls (D:3)
  An ooze (D:2)
  2 worms
  4 orcs (D:3)
  4 hobgoblins (D:3)
  3 kobolds
  A quokka (D:3)
  3 bats
  A giant newt (D:3)
  3 goblins
  A jackal skeleton (D:4)
  7 rats
40 creatures vanquished.

Action                   |  1- 3 |  4- 6 || total
-------------------------+-------+-------++-------
Melee: Long sword        |    84 |    88 ||   172
Throw: Throwing net      |       |     2 ||     2
  Use: Potion            |     1 |       ||     1
       Scroll            |       |     1 ||     1
 Stab: Held in net/web   |       |     1 ||     1

Vault maps used:
D:1:      mrwooster_arrival_arrow, minmay_misc_feat_pillars
D:2:      serial_bayou_lake_a
D:3:      serial_bayou_pond_b, uniq_terence, uniq_iyjb, uniq_robin
D:4:      lemuel_coloured_pillars_altar, grunt_gozag_statues, fedhas_altar_2,
          first_bread, minmay_cut_off
D:5:      grunt_ministairs_4
